[Event "Team 45 45 League T40"]
[Site "Internet Chess Club"]
[Date "2009.02.14"]
[Round "3"]
[White "KingOfHearts"]
[Black "WannaB"]
[Result "1-0"]
[WhiteElo "1290"]
[BlackElo "1141"]
[Opening "Sicilian defense"]
[ECO "B30"]
[Time "20:02:15"]
[TimeControl "2700+45"]

1. e4 c5 2. Nf3 Nc6 3. Bc4 g6 4. Nc3 Bg7 5. d3 e6 6. Bf4 Nge7 7. Qd2 a6 8. O-O
d6 9. Rfe1 O-O 10. Bh6 b5 11. Bb3 Nd4 12. Nxd4 cxd4 13. Ne2 d5 14. Bxg7 Kxg7 15.
e5 Nf5 16. c3 dxc3 17. bxc3 d4 18. Qf4 g5 19. Qg4 Nh6 20. Qxd4 Qxd4 21. Nxd4 Bd7
22. Nf3 Rfc8 23. c4 bxc4 24. Bxc4 g4 25. Ng5 Nf5 26. Re4 Re8 27. Rxg4 Bb5 28.
Bxb5 axb5 29. Nxe6+ Kh6 30. Nc7 Kh5 31. h3 Rxe5 32. Nxa8 Rd5 33. Rf4 Kg5 34.
Rg4+ Kh5 35. Rd1 Kh6 36. Nc7 Re5 37. d4 Re2 38. Nxb5 Rxa2 39. d5 Rb2 40. Nd4 Nd6
41. Rg8 Nc4 42. Rd8 Ne5 43. d6 Rb7 44. f4 Nd7 45. Re1 Nf6 46. Re7 Rb1+ 47. Kh2
Kg7 48. d7 Rb7 49. Nf5+ Kg6 50. g4 Nd5 51. Rg8+ Kf6 52. d8=Q Rb2+ 53. Kg3 Rb3+
54. Kh4 Nxe7 55. Qxe7# {Black checkmated} 1-0

[Event "Team 45 45 League T40"]
[Site "Internet Chess Club"]
[Date "2009.02.13"]
[Round "3"]
[White "RancidTurnip"]
[Black "furrbrain"]
[Result "1-0"]
[WhiteElo "1050"]
[BlackElo "1199"]
[Opening "French: Winawer (Nimzovich) variation"]
[ECO "C15"]
[Time "13:00:19"]
[TimeControl "2700+45"]

1. e4 e6 2. d4 d5 3. Nc3 Bb4 4. Bd3 c5 5. a3 Bxc3+ 6. bxc3 cxd4 7. cxd4 Nc6 8.
c3 Nge7 9. Ne2 O-O 10. e5 a6 11. c4 dxc4 12. Bxc4 b5 13. Bb3 Bb7 14. O-O Nf5 15.
Bb2 Qg5 16. Qc1 Qxc1 17. Raxc1 Na5 18. Ba2 Nc4 19. Bxc4 bxc4 20. Rxc4 Bd5 21.
Rc7 g5 22. f4 Ne3 23. Rf2 Nd1 24. Nc3 Nxf2 25. Nxd5 Nd3 26. Nb6 Rad8 27. Bc3
Nxf4 28. Kf2 Nd3+ 29. Ke3 Nf4 30. g3 Rd5 31. gxf4 Rb5 32. Nd7 Rb3 33. Nxf8 Kxf8
34. Rc8+ Kg7 35. a4 g4 36. Ke4 Kg6 37. Ba5 f5+ 38. exf6 Kxf6 39. Rg8 h5 40. Bd8+
Kf7 41. Rg5 Rh3 42. f5 exf5+ 43. Rxf5+ Kg6 44. Rf6+ Kg7 45. Kf5 Rf3+ 46. Kg5 Rh3
47. Bc7 Rf3 48. Bd8 Rh3 49. d5 Rxh2 50. Bb6 Rh1 51. d6 Rd1 52. Rg6+ Kf7 53. Kxh5
g3 54. Kh6 g2 55. Kh7 Ke8 56. Bc5 Kd7 57. Rxg2 Rh1+ {Black resigns} 1-0

[Event "Team 45 45 League T40"]
[Site "Internet Chess Club"]
[Date "2009.02.12"]
[Round "3"]
[White "PJ"]
[Black "jcdios"]
[Result "1/2-1/2"]
[WhiteElo "1815"]
[BlackElo "1928"]
[Opening "Caro-Kann: Panov-Botvinnik attack"]
[ECO "B13"]
[Time "13:57:38"]
[TimeControl "2700+45"]

1. e4 c6 2. d4 d5 3. exd5 cxd5 4. c4 Nc6 5. cxd5 Qxd5 6. Be3 e6 7. Nc3 Qa5 8.
Bd3 Nf6 9. Ne2 Bd7 10. a3 Bd6 11. O-O O-O 12. Ng3 Rfc8 13. Nge4 Nxe4 14. Nxe4
Be7 15. b4 Qd8 16. Ra2 Be8 17. Rd2 h6 18. Qf3 a5 19. b5 Nxd4 20. Bxd4 Qxd4 21.
Ng5 Qf6 22. Qxf6 {Game drawn by mutual agreement} 1/2-1/2

[Event "Team 45 45 League T40"]
[Site "Internet Chess Club"]
[Date "2009.02.15"]
[Round "3"]
[White "Gupta"]
[Black "AlterEgo"]
[Result "1-0"]
[WhiteElo "1723"]
[BlackElo "1494"]
[Opening "Old Indian defense"]
[ECO "A53"]
[Time "15:00:06"]
[TimeControl "2700+45"]

1. d4 Nf6 2. c4 d6 3. Nc3 Nbd7 4. e4 e5 5. d5 Be7 6. Be3 Nc5 7. f3 O-O 8. h4 Nh5
9. Bf2 Nf4 10. g3 Nh5 11. Qd2 f5 12. O-O-O fxe4 13. fxe4 Bg4 14. Re1 Bf3 15.
Nxf3 Rxf3 16. Bxc5 dxc5 17. Be2 Rxg3 18. Bxh5 Bxh4 19. Kb1 Rxc3 20. Qxc3 Bxe1
21. Qxe1 Qg5 22. Qg1 Qxg1+ 23. Rxg1 Rf8 24. Bg4 Rf4 25. Be6+ Kf8 26. Re1 h5 27.
a3 g5 28. b4 cxb4 29. axb4 Ke7 30. c5 c6 31. Bc8 cxd5 32. Bxb7 d4 33. c6 Kd6 34.
b5 g4 35. Rc1 Kc7 36. Rc5 Rxe4 37. Rd5 d3 38. Rd7+ Kb8 39. Ba6 Rd4 40. c7+
{Black resigns} 1-0

[Event "Team 45 45 League T40"]
[Site "Internet Chess Club"]
[Date "2009.02.16"]
[Round "3"]
[White "ticopatzer"]
[Black "evsponge1"]
[Result "1-0"]
[WhiteElo "1502"]
[BlackElo "1451"]
[Opening "Sicilian: Anderssen variation"]
[ECO "B41"]
[Time "21:58:40"]
[TimeControl "2700+45"]

1. e4 c5 2. Nf3 e6 3. d4 cxd4 4. Nxd4 Nf6 5. Nc3 Qb6 6. Be2 Bc5 7. Be3 Nc6 8.
Na4 Qa5+ 9. Nc3 Nxe4 10. Nb3 Nxc3 11. Nxa5 Nxd1 12. Bxc5 Nxb2 13. Nxc6 dxc6 14.
a4 b5 15. axb5 cxb5 16. Bf3 Rb8 17. Bxa7 Rb7 18. Bxb7 Bxb7 19. O-O O-O 20. Rfb1
Nc4 21. Rxb5 Nd6 22. Rb6 Rd8 23. Rab1 f6 24. f3 Rd7 25. Bb8 {Black resigns} 1-0

[Event "Team 45 45 League T40"]
[Site "Internet Chess Club"]
[Date "2009.02.15"]
[Round "3"]
[White "jacknor"]
[Black "Monsieur"]
[Result "0-1"]
[WhiteElo "1634"]
[BlackElo "1704"]
[Opening "Latvian counter-gambit"]
[ECO "C40"]
[Time "19:15:25"]
[TimeControl "2700+45"]

1. e4 e5 2. Nf3 f5 3. Nxe5 Qe7 4. Nc4 fxe4 5. Nc3 Nf6 6. Be2 d5 7. Na3 Nc6 8.
O-O Be6 9. d3 O-O-O 10. Bd2 a6 11. dxe4 dxe4 12. Qc1 h6 13. Nc4 Bxc4 14. Bxc4
Ng4 15. h3 Nge5 16. Be2 Qh4 17. Bf4 Rd4 18. Bg3 Qf6 19. Qf4 Qxf4 20. Bxf4 Bd6
21. Be3 Rb4 22. a3 Rxb2 23. Nxe4 Rxc2 24. Nxd6+ cxd6 25. Bd1 Rb2 26. Bc1 Rb5 27.
Be2 Rc5 28. Rd1 Rd8 29. Bf4 g5 30. Bg3 Rc2 31. Bh5 d5 32. Rdc1 Rxc1+ 33. Rxc1
Kd7 34. Rd1 Ke6 35. f4 gxf4 36. Bxf4 d4 37. Re1 d3 38. Bxh6 d2 39. Rd1 Nc4 40.
Kf2 N6e5 41. Be2 Nd3+ 42. Bxd3 Rxd3 43. Bf4 Kd5 44. g3 Kd4 45. h4 Kc3 46. h5 Kc2
47. Bxd2 Kxd1 48. Bf4 Rd5 49. g4 Ne5 50. Bxe5 Rxe5 51. Kf3 Kd2 52. Kf4 Ra5 53.
g5 Rxa3 54. h6 Ke2 55. h7 Rh3 56. g6 Kf2 57. Kg5 Kf3 58. Kf6 Ke4 59. Kg7 Kf5 60.
Kf7 Kg5 61. Kg7 b5 62. Kf7 Rf3+ 63. Kg8 Rc3 64. g7 Kg6 65. h8=N+ Kh6 66. Nf7+
Kg6 67. Nh8+ Kf6 68. Kh7 Rh3+ 69. Kg8 Rg3 70. Kh7 Rxg7+ 71. Kh6 Rg1 72. Kh7 Rh1+
73. Kg8 Rxh8+ {White resigns} 0-1

[Event "Team 45 45 League T40"]
[Site "Internet Chess Club"]
[Date "2009.02.15"]
[Round "3"]
[White "crankn8tr"]
[Black "princeillini"]
[Result "1-0"]
[WhiteElo "1542"]
[BlackElo "1421"]
[Opening "Scotch game"]
[ECO "C45"]
[Time "11:00:11"]
[TimeControl "2700+45"]

1. e4 e5 2. Nf3 Nc6 3. d4 exd4 4. Nxd4 Nxd4 5. Qxd4 d6 6. Nc3 Nf6 7. Bg5 Be7 8.
O-O-O O-O 9. Bc4 Be6 10. Bb3 Bxb3 11. cxb3 c5 12. Qd3 a6 13. Bxf6 Bxf6 14. Nd5
Bd4 15. Ne3 Qf6 16. Rd2 b5 17. Nf5 Be5 18. g3 c4 19. bxc4 bxc4 20. Qa3 c3 21.
bxc3 Bxc3 22. Rc2 Ba5 23. Qb2 Qxb2+ 24. Rxb2 Rac8+ 25. Rc2 Rxc2+ 26. Kxc2 Rc8+
27. Kb3 Rb8+ 28. Kc4 Bc7 29. Kc3 Kf8 30. Rd1 Rd8 31. Ne3 Ba5+ 32. Kd3 g6 33. Nc4
Bb4 34. Rb1 Bc5 35. f3 d5 36. exd5 Rxd5+ 37. Kc2 Ke7 38. Re1+ Kf6 39. Re8 Bg1
40. h3 Bh2 41. g4 Rc5 42. Kd3 Rb5 43. Ra8 Rd5+ 44. Ke4 Rc5 45. Rxa6+ Kg5 46. Ra5
Rxa5 47. Nxa5 Kh4 48. Nc4 Kxh3 49. a4 Bc7 50. a5 Bxa5 51. Nxa5 Kg3 52. Nc4 h5
53. g5 h4 54. Ne3 h3 55. Ng4 Kg2 56. Kf4 Kg1 57. Kg3 Kf1 58. Kxh3 Ke1 59. Kg3
Kd2 60. Kf4 Ke2 61. Ne5 Kd2 62. Nxf7 Kd3 63. Ne5+ Kd4 64. Nxg6 Kd5 65. Kf5
{Black resigns} 1-0

[Event "Team 45 45 League T40"]
[Site "Internet Chess Club"]
[Date "2009.02.12"]
[Round "3"]
[White "jjaillet2007"]
[Black "Conjurer"]
[Result "0-1"]
[WhiteElo "1197"]
[BlackElo "1299"]
[Opening "Nimzo-Indian: Sämisch variation"]
[ECO "E24"]
[Time "21:10:07"]
[TimeControl "2700+45"]

1. d4 Nf6 2. c4 e6 3. Nc3 Bb4 4. a3 Bxc3+ 5. bxc3 d6 6. Bg5 Nbd7 7. e3 c5 8. Bd3
b6 9. Be4 Rb8 10. Nf3 Qc7 11. O-O Nxe4 12. Bf4 O-O 13. Qd3 Ndf6 14. dxc5 Qxc5
15. Ng5 Bb7 16. Nxe4 Nxe4 17. f3 e5 18. Bg3 Ng5 19. h4 Ne6 20. f4 e4 21. Qd1
Qxe3+ 22. Kh2 f5 23. Qxd6 Nc5 24. Bf2 Qxc3 25. Bxc5 bxc5 26. Qxc5 Qd2 27. Rad1
Qe2 28. Rfe1 Qg4 29. Qf2 Rf6 30. Qg3 Rg6 31. Qxg4 Rxg4 32. g3 Re8 33. Rd7 Ba6
34. c5 Rg6 35. Rd6 Rxd6 36. cxd6 Bb5 37. Rb1 Ba4 38. Rb7 e3 39. Re7 Rxe7 40.
dxe7 e2 41. e8=Q+ Bxe8 42. h5 e1=Q 43. g4 Qh4+ 44. Kg2 Qxg4+ 45. Kf2 Bxh5 46. a4
Qxf4+ 47. Ke1 Qe3+ 48. Kf1 Qe2+ 49. Kg1 Bf3 50. a5 Qg2# {White checkmated} 0-1

[Event "Team 45 45 League T40"]
[Site "Internet Chess Club"]
[Date "2009.02.21"]
[Round "3"]
[White "blkmagic"]
[Black "joaoazm"]
[Result "1-0"]
[WhiteElo "1215"]
[BlackElo "1162"]
[Opening "Ruy Lopez: Caro variation"]
[ECO "C70"]
[Time "21:09:10"]
[TimeControl "2700+45"]

1. e4 e5 2. Nf3 Nc6 3. Bb5 a6 4. Ba4 b5 5. Bb3 Bb7 6. d3 Bc5 7. O-O h6 8. Re1
Nf6 9. Be3 Bxe3 10. Rxe3 O-O 11. c4 Nd4 12. cxb5 Nxf3+ 13. Qxf3 axb5 14. Nc3 c6
15. Rd1 d5 16. d4 Bc8 17. h3 Re8 18. exd5 e4 19. Nxe4 cxd5 20. Nxf6+ gxf6 21.
Rde1 Be6 22. Qh5 f5 23. Qxh6 Qd6 {Black resigns} 1-0

[Event "Team 45 45 League T40"]
[Site "Internet Chess Club"]
[Date "2009.02.14"]
[Round "3"]
[White "sere"]
[Black "Daidalos"]
[Result "0-1"]
[WhiteElo "922"]
[BlackElo "1156"]
[Opening "Blackmar-Diemer gambit"]
[ECO "D00"]
[Time "13:01:24"]
[TimeControl "2700+45"]

1. d4 d5 2. Nc3 Nf6 3. e4 c6 4. e5 Ne4 5. Nxe4 dxe4 6. Bc4 e6 7. Bf4 Be7 8. Qe2
b5 9. Bb3 a5 10. c3 Ba6 11. Bc2 b4 12. Qxe4 Qd5 13. Qxd5 cxd5 14. cxb4 Bxb4+ 15.
Bd2 Bxd2+ 16. Kxd2 Nc6 17. Ba4 Bb7 18. Rc1 Rc8 19. Nf3 O-O 20. Rc2 Nb4 21. Rxc8
Rxc8 22. a3 Na6 23. Bd7 Rc7 24. Be8 h6 25. Rc1 Rxc1 26. Kxc1 Kf8 27. Ba4 g5 28.
Nd2 Ke7 29. Nb3 f5 30. exf6+ Kxf6 31. Nxa5 Ba8 32. Kd2 e5 33. dxe5+ Kxe5 34. Ke3
d4+ 35. Kd2 Bxg2 36. Ke1 g4 37. Ke2 h5 38. b4 Be4 39. Bc6 Bxc6 40. Nxc6+ Ke4 41.
b5 Nc5 42. Nb4 Na4 43. Kd2 h4 44. Ke2 Nc3+ 45. Kd2 Nxb5 46. a4 Na3 47. Nc6 Nb1+
48. Kc2 Na3+ 49. Kd2 Nc4+ 50. Kc2 d3+ 51. Kc1 Kf3 52. a5 Nxa5 53. Nxa5 Kxf2 54.
Kd2 g3 55. hxg3 hxg3 56. Kxd3 g2 57. Nb3 g1=Q 58. Kd4 Kf3+ 59. Kd3 Qe3+ 60. Kc4
Ke4 61. Nc5+ Ke5 62. Nd7+ Kd6 63. Nf6 Qe6+ 64. Nd5 Qxd5+ 65. Kc3 Qd1 66. Kc4 Qd2
67. Kb3 Qc1 68. Kb4 Kc6 69. Kb3 Kc5 70. Ka4 Qb2 71. Ka5 Qa1# {White checkmated}
0-1

[Event "Team 45 45 League T40"]
[Site "Internet Chess Club"]
[Date "2009.02.14"]
[Round "3"]
[White "katabatico"]
[Black "guyd52"]
[Result "0-1"]
[WhiteElo "1343"]
[BlackElo "1341"]
[Opening "Pirc: classical system, 5.Be2"]
[ECO "B08"]
[Time "06:00:39"]
[TimeControl "2700+45"]

1. e4 d6 2. d4 g6 3. Nf3 Nf6 4. Nc3 Bg7 5. Be2 O-O 6. O-O Nbd7 7. e5 dxe5 8.
dxe5 Ng4 9. Ng5 Ngxe5 10. Re1 a6 11. f4 Nc6 12. a3 e6 13. Bc4 Nf6 14. Be3 b6 15.
Qf3 Bb7 16. Rad1 Qe7 17. Bf2 Ne5 18. Qxb7 Nxc4 19. Na4 Ng4 20. Bd4 Bxd4+ 21.
Rxd4 Nce3 22. Rd2 Nf5 23. Qf3 Nf6 24. Kh1 Rad8 25. Rde2 Nd4 26. Rxe6 Nxf3 27.
Rxe7 Nxe1 28. Rxc7 Rd1 29. g3 Nxc2+ 30. Kg2 Ne3+ 31. Kh3 Ned5 32. Rb7 Rd2 33. b4
h6 34. Nf3 Rd3 35. Ne5 Rxa3 36. Nxb6 Nxf4+ 37. Kh4 g5# {White checkmated} 0-1

[Event "Team 45 45 League T40"]
[Site "Internet Chess Club"]
[Date "2009.02.15"]
[Round "3"]
[White "CoasterBrake"]
[Black "malihini"]
[Result "0-1"]
[WhiteElo "1227"]
[BlackElo "1269"]
[Opening "Petrov: modern (Steinitz) attack"]
[ECO "C43"]
[Time "11:01:18"]
[TimeControl "2700+45"]

1. e4 e5 2. Nf3 Nf6 3. d4 exd4 4. Nxd4 Nxe4 5. Bd3 Qe7 6. O-O d5 7. f3 Qe5 8. c3
Bd6 9. fxe4 Qxh2+ 10. Kf2 Qg3+ 11. Ke2 Bg4+ 12. Nf3 Qxg2+ 13. Ke1 Bg3+ {White
resigns} 0-1

[Event "Team 45 45 League T40"]
[Site "Internet Chess Club"]
[Date "2009.02.13"]
[Round "3"]
[White "NewfieKnight"]
[Black "farbror"]
[Result "0-1"]
[WhiteElo "1052"]
[BlackElo "1170"]
[Opening "Pirc defense"]
[ECO "B07"]
[Time "16:00:12"]
[TimeControl "2700+45"]

1. d4 d6 2. e4 Nf6 3. Bd3 Nbd7 4. Nf3 e5 5. Bg5 Be7 6. Bb5 c6 7. Ba4 Nxe4 8.
Bxe7 Qxe7 9. O-O O-O 10. Re1 Ndf6 11. c4 Bg4 12. Bc2 Bxf3 13. Qxf3 d5 14. Bxe4
dxe4 15. Qe2 exd4 16. Nd2 Rfe8 17. Nb3 d3 18. Qe3 Ng4 19. Qf4 Qe6 20. Rxe4 Qxe4
21. Qxe4 Rxe4 22. Nc5 Rd4 23. Nxb7 Rxc4 24. Rd1 Rb8 25. Na5 Rc5 26. Nb3 Rxb3 27.
axb3 d2 28. h3 Rc1 {White resigns} 0-1

[Event "Team 45 45 League T40"]
[Site "Internet Chess Club"]
[Date "2009.02.13"]
[Round "3"]
[White "dornoch"]
[Black "Mclintock45"]
[Result "1-0"]
[WhiteElo "1030"]
[BlackElo "845"]
[Opening "Petrov's defense"]
[ECO "C42"]
[Time "09:00:30"]
[TimeControl "2700+45"]

1. e4 e5 2. Nf3 Nf6 3. Nxe5 Qe7 4. d4 Nxe4 5. Bd3 d6 6. O-O dxe5 7. Bxe4 Nc6 8.
Bxc6+ bxc6 9. dxe5 Qxe5 10. Re1 Bg4 11. Rxe5+ Be7 12. Qxg4 O-O 13. Rxe7 Rad8 14.
g3 Rd6 15. Bf4 Rg6 16. Qd7 h6 17. Re8 Rd6 18. Rxf8+ Kxf8 19. Bxd6+ Kg8 20. Qxc7
Kh7 21. Qxc6 f6 22. Nd2 Kg6 23. Re1 h5 24. Bb8 Kg5 25. Bxa7 h4 26. Ne4+ Kg4 27.
Nxf6+ gxf6 28. Re4+ Kh3 29. Rxh4# {Black checkmated} 1-0

[Event "Team 45 45 League T40"]
[Site "Internet Chess Club"]
[Date "2009.02.15"]
[Round "3"]
[White "Razorbackchess"]
[Black "fishhead"]
[Result "1-0"]
[WhiteElo "1779"]
[BlackElo "1757"]
[Opening "Nimzo-Indian: Kmoch variation"]
[ECO "E20"]
[Time "21:00:35"]
[TimeControl "2700+45"]

1. d4 Nf6 2. c4 e6 3. Nc3 Bb4 4. f3 c5 5. d5 O-O 6. Nh3 Bxc3+ 7. bxc3 e5 8. e4
d6 9. Nf2 h6 10. Bd3 Nbd7 11. O-O g5 12. Be3 Nh5 13. g3 Ndf6 14. Qd2 Nd7 15. Kh1
Qf6 16. Be2 Qg6 17. Rg1 f6 18. f4 Ng7 19. f5 Qh7 20. h4 Kf7 21. Kg2 Rh8 22. hxg5
hxg5 23. Rh1 Qg8 24. Rxh8 Qxh8 25. Rh1 Qg8 26. Ng4 Ke7 27. Nh6 Qf8 28. Bxg5 fxg5
29. Qxg5+ Nf6 30. Ng4 Ne8 31. Rh7+ Kd8 32. Rh6 Ke7 33. Rg6 Bd7 34. Nh6 Kd8 35.
Ng8 Kc7 36. Nxf6 Nxf6 37. Qxf6 Qxf6 38. Rxf6 Rg8 39. Bh5 Ba4 40. Rf7+ Kb6 41. f6
Bc2 42. Bf3 Rg6 43. Kh3 Bd3 44. Kh4 Bxc4 45. Bh5 Rg8 46. Rg7 Rf8 47. f7 Bxa2 48.
Rg8 Rxf7 49. Bxf7 Bb1 50. Bg6 a5 51. Ra8 Bd3 52. Rf8 a4 53. Rf2 Kc7 54. Ra2 b5
55. Bf5 Kd8 56. g4 Ke7 57. g5 Kf7 58. g6+ Kg7 59. Kg5 Bc4 60. Rh2 a3 61. Rh7+
Kf8 62. g7+ Kg8 63. Kg6 {Black resigns} 1-0

[Event "Team 45 45 League T40 u"]
[Site "Internet Chess Club"]
[Date "2009.02.16"]
[Round "3"]
[White "barraq"]
[Black "sean98"]
[Result "1-0"]
[WhiteElo "1627"]
[BlackElo "1727"]
[Opening "Sicilian defense"]
[ECO "B20"]
[Time "14:24:26"]
[TimeControl "2700+45"]

1. e4 c5 2. b3 d5 3. exd5 Qxd5 4. Bb2 Nf6 5. Nc3 Qd8 6. Nf3 e6 7. Bd3 Be7 8. Qe2
O-O 9. O-O-O Nc6 10. Rdg1 Nd4 11. Qe1 Bd6 12. Ne4 Nxe4 13. Bxe4 f5 14. Bd3 Qc7
15. h4 e5 16. Ng5 b5 17. g4 e4 18. Bf1 h6 19. Bxd4 cxd4 20. Bxb5 Qa5 21. Bc4+
Kh8 22. Kb1 Qe5 23. Nf7+ Rxf7 24. Bxf7 a5 25. g5 h5 26. g6 a4 27. Rg5 f4 28.
Rxe5 Bxe5 29. Qxe4 Ra5 30. Qc6 {Black resigns} 1-0

[Event "Team 45 45 League T40"]
[Site "Internet Chess Club"]
[Date "2009.02.14"]
[Round "3"]
[White "kingphisch"]
[Black "Notscorwood"]
[Result "1/2-1/2"]
[WhiteElo "1554"]
[BlackElo "1472"]
[Opening "Alekhine's defense"]
[ECO "B02"]
[Time "14:00:36"]
[TimeControl "2700+45"]

1. e4 Nf6 2. e5 Nd5 3. c4 Nb6 4. d4 d6 5. Nf3 g6 6. Nc3 Bg7 7. Bf4 Nc6 8. Be2
O-O 9. O-O Bg4 10. b3 Bxf3 11. Bxf3 Qd7 12. Bxc6 Qxc6 13. d5 Qd7 14. Re1 e6 15.
Rc1 Rae8 16. dxe6 Rxe6 17. exd6 cxd6 18. Rxe6 Qxe6 19. Nd5 Nc8 20. Qe1 Re8 21.
Qxe6 Rxe6 22. Kf1 Be5 23. Bxe5 dxe5 24. Re1 f6 25. f4 e4 26. Rxe4 Rxe4 27. Nxf6+
Kf7 28. Nxe4 Ke6 29. g4 Nd6 30. Nxd6 Kxd6 31. h4 Kc5 32. f5 gxf5 33. gxf5 Kd6
34. a4 Ke5 35. b4 Kxf5 36. c5 Ke6 37. b5 Kd5 38. b6 axb6 39. cxb6 Kc5 40. Ke2
Kb4 41. Kd3 Kxa4 42. Kc4 Ka5 43. h5 Kxb6 44. Kb4 Kc6 45. Kc4 b5+ 46. Kb4 h6 47.
Kb3 Kc5 48. Kc3 b4+ 49. Kb3 Kb5 50. Kb2 Kc4 51. Kc2 b3+ 52. Kb2 Kb4 53. Kb1 Kc3
54. Kc1 Kb4 55. Kb1 Ka3 56. Ka1 b2+ 57. Kb1 Kb3 {White stalemated} 1/2-1/2

[Event "Team 45 45 League T40"]
[Site "Internet Chess Club"]
[Date "2009.02.16"]
[Round "3"]
[White "arconia"]
[Black "twintower"]
[Result "0-1"]
[WhiteElo "1395"]
[BlackElo "1399"]
[Opening "French defense"]
[ECO "C00"]
[Time "08:00:09"]
[TimeControl "2700+45"]

1. e4 e6 2. Nf3 d5 3. e5 c5 4. Be2 Qb6 5. O-O Nc6 6. d3 Nge7 7. b3 Nf5 8. Nbd2
Be7 9. c4 O-O 10. Bb2 f6 11. exf6 Bxf6 12. Bxf6 Rxf6 13. Ng5 Rg6 14. f4 h6 15.
Bh5 Rf6 16. Bf7+ Kf8 17. Qh5 hxg5 18. fxg5 Rxf7 19. g6 Rf6 20. Nf3 Qd8 21. Ng5
Ke7 22. Nh7 Kd6 23. Nxf6 Qxf6 24. g4 Qd4+ 25. Kh1 Ne3 26. Qh8 Qxd3 27. Qf8+ Ne7
28. Qd8+ Bd7 29. Qxa8 Qe4+ {White resigns} 0-1

[Event "Team 45 45 League T40"]
[Site "Internet Chess Club"]
[Date "2009.02.16"]
[Round "3"]
[White "Kallistos"]
[Black "Archdruid"]
[Result "1-0"]
[WhiteElo "1717"]
[BlackElo "1695"]
[Opening "Ruy Lopez: Marshall counter-attack, 11...c6"]
[ECO "C89"]
[Time "08:00:08"]
[TimeControl "2700+45"]

1. e4 e5 2. Nf3 Nc6 3. Bb5 a6 4. Ba4 Nf6 5. O-O b5 6. Bb3 Be7 7. Re1 O-O 8. c3
d5 9. exd5 Nxd5 10. Nxe5 Nxe5 11. Rxe5 c6 12. Bxd5 cxd5 13. d4 Bd6 14. Re1 Qh4
15. g3 Qh3 16. Qf3 Be6 17. Be3 f5 18. Bf4 Bxf4 19. Qxf4 Bd7 20. Re7 Rae8 21.
Rxe8 Rxe8 22. Nd2 Qh5 23. Qf3 Qg6 24. Qxd5+ Qf7 25. Qxf7+ Kxf7 26. Kf1 Rb8 27.
f4 Be6 28. a3 a5 29. Nf3 b4 30. Ne5+ Kf6 31. Nc6 Rb5 32. axb4 axb4 33. Nxb4 g5
34. Ra6 Kf7 35. Ra7+ Kg6 36. Kf2 h5 37. Re7 Kf6 38. Rc7 gxf4 39. gxf4 Rb6 40.
Rc6 Rxc6 41. Nxc6 Bb3 42. Na5 Bg8 43. b4 Ke6 44. c4 Kd6 45. b5 Kc7 46. c5 Bd5
47. b6+ Kb8 48. c6 Kc8 49. Kg3 Be4 50. Kh4 Bf3 51. Kg5 Kb8 52. Kxf5 Bg4+ 53. Ke5
Bf3 54. d5 h4 55. f5 h3 56. f6 Bh5 57. d6 Kc8 58. b7+ {Black resigns} 1-0

[Event "Team 45 45 League T40"]
[Site "Internet Chess Club"]
[Date "2009.02.13"]
[Round "3"]
[White "Elita499"]
[Black "JABalin"]
[Result "1-0"]
[WhiteElo "1686"]
[BlackElo "1579"]
[Opening "Sicilian: Grand Prix attack"]
[ECO "B23"]
[Time "18:01:45"]
[TimeControl "2700+45"]

1. e4 c5 2. Nc3 Nc6 3. f4 g6 4. Nf3 Bg7 5. Bc4 e6 6. O-O Nge7 7. d3 O-O 8. Qe1
d5 9. Bb3 a6 10. Qh4 b5 11. a3 f5 12. e5 Qb6 13. Kh1 c4 14. Ba2 Rd8 15. d4 Rd7
16. Ng5 h6 17. Nxe6 Nxd4 18. Nxg7 Kxg7 19. Be3 Nec6 20. Qf6+ Kh7 21. Bxd4 Qxd4
{Black resigns} 1-0

[Event "Team 45 45 League T40"]
[Site "Internet Chess Club"]
[Date "2009.02.12"]
[Round "3"]
[White "dscvdchk"]
[Black "OOB1"]
[Result "1-0"]
[WhiteElo "1554"]
[BlackElo "1472"]
[Opening "Queen's gambit declined"]
[ECO "D30"]
[Time "22:00:14"]
[TimeControl "2700+45"]

1. d4 d5 2. c4 e6 3. Nf3 Nf6 4. e3 Nc6 5. Be2 Be7 6. O-O O-O 7. Nc3 b6 8. cxd5
Nxd5 9. a3 Bf6 10. Ne4 Be7 11. Qc2 Bd7 12. Bb5 Qe8 13. Bd2 Nxd4 14. Nxd4 Bxb5
15. Nxb5 Qxb5 16. Ng3 Bf6 17. Rab1 c5 18. e4 Ne7 19. Rfe1 Bd4 20. Be3 e5 21. b4
cxb4 22. Rxb4 Qa5 23. Qb3 Rad8 24. Rb1 Nc6 25. Rb5 Qa6 26. Nf5 Qb7 27. Qc4 Rfe8
28. Qe2 g6 29. Nh6+ Kg7 30. Ng4 Bxe3 31. Nxe3 Nd4 32. Qb2 Nxb5 33. Qxb5 Qxe4 34.
h3 Qd3 35. Qb2 Qd4 36. Qb3 Rc8 37. Nd5 Qc4 38. Qf3 Re6 39. Rd1 Rd8 40. Ne3 Rxd1+
41. Qxd1 Qc3 42. a4 Rc6 43. Qf3 Rf6 44. Nf5+ Rxf5 45. Qxc3 Rf6 46. Qxe5 a5 47.
g4 h6 48. f4 g5 49. h4 Kg6 50. h5+ Kg7 51. fxg5 hxg5 52. Qxg5+ {Black resigns}
1-0

[Event "Team 45 45 League T40"]
[Site "Internet Chess Club"]
[Date "2009.02.12"]
[Round "3"]
[White "Fidelian"]
[Black "hogwash"]
[Result "0-1"]
[WhiteElo "1257"]
[BlackElo "1426"]
[Opening "Sicilian defense"]
[ECO "B40"]
[Time "20:00:11"]
[TimeControl "2700+45"]

1. e4 c5 2. Nf3 e6 3. Bc4 Nc6 4. Nc3 a6 5. O-O Bd6 6. Re1 Ne5 7. Nxe5 Bxe5 8. d3
Qh4 9. g3 Qe7 10. Qg4 Nh6 11. Bxh6 gxh6 12. Qh5 Qf6 13. Rf1 Bd4 14. Rab1 b5 15.
Bb3 Bb7 16. Ne2 Rg8 17. Nxd4 cxd4 18. e5 Qg5 19. Qxg5 Rxg5 20. Rbe1 h5 21. h4
Rg6 22. c4 Bc6 23. Bc2 Ke7 24. Bd1 Rag8 25. Bxh5 Rxg3+ 26. fxg3 Rxg3+ 27. Kf2
Rg2# {White checkmated} 0-1

[Event "Team 45 45 League T40"]
[Site "Internet Chess Club"]
[Date "2009.02.15"]
[Round "3"]
[White "katabatico"]
[Black "Zyme"]
[Result "0-1"]
[WhiteElo "1331"]
[BlackElo "1436"]
[Opening "French: exchange variation"]
[ECO "C01"]
[Time "07:00:37"]
[TimeControl "2700+45"]

1. e4 e6 2. d4 d5 3. exd5 exd5 4. Nf3 Bd6 5. Bd3 Nc6 6. O-O Nge7 7. Bg5 f6 8.
Bd2 Bg4 9. c3 Qd7 10. Bb5 O-O-O 11. a4 g5 12. a5 a6 13. Ba4 Ng6 14. g3 h5 15. h4
gxh4 16. Qc2 Bxf3 17. Qxg6 Qh3 {White resigns} 0-1

[Event "Team 45 45 League T40"]
[Site "Internet Chess Club"]
[Date "2009.02.15"]
[Round "3"]
[White "AlPearson"]
[Black "sdcohle"]
[Result "1-0"]
[WhiteElo "1403"]
[BlackElo "1298"]
[Opening "English opening"]
[ECO "A15"]
[Time "10:18:33"]
[TimeControl "2700+45"]

1. c4 Nf6 2. Nf3 g6 3. g3 Bg7 4. Bg2 Nc6 5. O-O O-O 6. Nc3 e5 7. d4 exd4 8. Nxd4
Ne5 9. b3 c5 10. Ndb5 a6 11. Nd6 Rb8 12. Bf4 Ne8 13. Rc1 Qf6 14. Nce4 Qe6 15.
Nxe8 Rxe8 16. Nd6 Rd8 17. Nxc8 Rdxc8 18. Qd5 Qxd5 19. Bxd5 b6 20. Rcd1 Rd8 21.
Rd2 d6 22. Rfd1 Rd7 23. Bg2 Rbd8 24. Bxe5 Bxe5 25. f4 Bd4+ 26. Kf1 Kf8 27. Rd3
Ke7 28. e3 Bg7 29. Kf2 f5 30. Kf3 h5 31. e4 Ke6 32. exf5+ gxf5 33. h3 Bd4 34. g4
hxg4+ 35. hxg4 fxg4+ 36. Kxg4 Rg8+ 37. Kf3 Rdg7 38. Bh3+ Kf7 39. Ke4 Ke7 40. Kd5
b5 41. cxb5 axb5 42. Re1+ Kd8 43. Kxd6 Rg6+ 44. Kd5 R8g7 45. Re6 Rd7+ 46. Kc6
Rxe6+ 47. Bxe6 Ra7 48. b4 Ke7 49. bxc5 Kxe6 50. Rxd4 Rxa2 51. Kxb5 Rb2+ 52. Ka4
Rc2 53. Kb5 Rb2+ 54. Rb4 Rc2 55. Rc4 Rb2+ 56. Ka4 Kd5 57. Rc1 Ra2+ 58. Kb3 Ra6
59. Kb4 Rc6 60. Kb5 Rf6 61. c6 Rxf4 62. c7 Rf8 63. c8=Q {Black resigns} 1-0